Match 46164294
Unlisted
Match 46164294
End
Construct Weapon Support Center
Engineer Squad
Selects Special Operations Battlegroup
Selects M29 Weasel Recon Vehicle
M29 Weasel Recon Vehicle
M1919 Machine Gun Team
Bazooka Squad
M1919 Machine Gun Team
Selects Raiding Flares
M1919 Machine Gun Team
Air Support Center
M3 Armored Personnel Carrier
P-47 Strafing Run
Construct Tank Depot
Selects SSF Commando Squad
SSF Commando Squad
Double Sortie
P-47 Dive Bomb
M4(105) Sherman Bulldozer
Grasshopper Recon Run
P-47 Dive Bomb
M18 Hellcat Tank Destroyer
P-47 Strafing Run
P-47 Dive Bomb
SSF Commando Squad
Selects P-47 Anti-Infantry Loiter
Selects UNKNOWN (2162291)
P-47 Dive Bomb
P-47 Anti-Infantry Loiter
M4A1 Sherman Whizbang
Air Supply
Improved Aircraft Armor
Grasshopper Recon Run
Selects Air Re-supply Operation
M18 Hellcat Tank Destroyer
M4A1 Sherman Whizbang
Grasshopper Recon Run
P-47 Anti-Infantry Loiter
P-47 Dive Bomb
M4(105) Sherman Bulldozer
Grasshopper Recon Run
P-47 Anti-Infantry Loiter
Alc.Mit0Lu
Andrzej Dupa
Papa Smurf
potatoo
裂空
(zek✿)
21424242142
OMEGOKABAN
0
0
Comments sign in to comment!
No comments posted yet!